 Dungeon Crawl Stone Soup version 0.22-a0-231-g1b571ea (webtiles) character file.

202 tidbits the Skirmisher (level 5, 0/47 HPs)
             Began as a Gnoll Wanderer on Feb 20, 2018.
             Slain by an iguana (7 damage)
             ... on level 5 of the Dungeon.
             The game lasted 00:05:30 (673 turns).

tidbits the Skirmisher (Gnoll Wanderer)              Turns: 673, Time: 00:05:30

Health: 0/47       AC:  6    Str: 13    XL:     5   Next: 80%
Magic:  7/7        EV: 12    Int: 17    God:
Gold:   91         SH:  0    Dex: 14    Spells: 7/7 levels left

rFire    . . .     SeeInvis .   a - +2 spear
rCold    . . .     Gourm    .   (no shield)
rNeg     . . .     Faith    .   B - +0 ring mail
rPois    .         Spirit   .   (no helmet)
rElec    .         Reflect  .   (no cloak)
rCorr    .         Harm     .   (no gloves)
MR       .....                  (no boots)
Stlth    ++........             (no amulet)
HPRegen  0.15/turn              (no ring)
MPRegen  0.10/turn              (no ring)

@: no status effects
A: distributed training, fangs 1, strong nose
a: no special abilities


You were on level 5 of the Dungeon.
You were not hungry.

You visited 1 branch of the dungeon, and saw 6 of its levels.

You collected 91 gold pieces.

Inventory:

Hand Weapons
 a - a +2 spear (weapon)
 f - a +0 halberd
 h - a +0 dagger
 n - a +0 hunting sling
Missiles
 e - 99 stones (quivered)
Armour
 c - a +0 chain mail
 B - a +0 ring mail (worn)
Wands
 g - a wand of iceblast (11)
Scrolls
 b - 3 scrolls of teleportation
 i - a scroll of identify
 j - a scroll of fog {unknown}
 k - a scroll of amnesia {unknown}
 l - a scroll of random uselessness {unknown}
Potions
 m - a potion of lignification {unknown}
 o - 2 potions of curing {unknown}
Comestibles
 d - 4 rations


   Skills:
 + Level 6.7 Fighting
 + Level 1.6 Short Blades
 + Level 1.6 Long Blades
 + Level 1.6 Axes
 + Level 1.6 Maces & Flails
 + Level 3.0 Polearms
 + Level 1.6 Staves
 + Level 1.6 Slings
 + Level 3.0 Bows
 + Level 1.6 Crossbows
 + Level 1.6 Throwing
 + Level 4.8 Armour
 + Level 3.0 Dodging
 + Level 2.8 Stealth
 + Level 1.6 Shields
 + Level 1.6 Unarmed Combat
 + Level 1.6 Spellcasting
 + Level 1.2 Conjurations
 + Level 1.2 Hexes
 + Level 1.2 Charms
 + Level 1.2 Summonings
 + Level 1.2 Necromancy
 + Level 1.2 Translocations
 + Level 1.2 Transmutations
 + Level 1.2 Fire Magic
 + Level 1.2 Ice Magic
 + Level 1.2 Air Magic
 + Level 1.2 Earth Magic
 + Level 1.2 Poison Magic
 + Level 1.8 Invocations
 + Level 3.0 Evocations


You had 7 spell levels left.
You didn't know any spells.

Dungeon Overview and Level Annotations

Branches:
Dungeon (6/15)
 Temple: D:4-7

Altars:

Annotations:
D:2 Terence


Innate Abilities, Weirdness & Mutations

Your experience applies equally to all skills.
You have very sharp teeth.
Your uncanny sense of smell can sniff out nearby items.


Message History

You closely miss the worker ant.
The worker ant is almost dead.
The worker ant bites you.
* * * LOW HITPOINT WARNING * * *
Attack whom?
Press: ? - help, Dir - move target cursor, f/p - worker ant
Aim: a worker ant (almost dead)
Your ring mail prevents you from hitting the worker ant.
The worker ant is almost dead.
The worker ant closely misses you.
Attack whom?
Press: ? - help, Dir - move target cursor, f/p - worker ant
Aim: a worker ant (almost dead)
You hit the worker ant but do no damage.
You bite the worker ant, but do no damage.
The worker ant is almost dead.
The worker ant closely misses you.
Attack whom?
Press: ? - help, Dir - move target cursor, f/p - worker ant
Aim: a worker ant (almost dead)
You hit the worker ant but do no damage.
The worker ant is almost dead.
The worker ant bites you but does no damage.
Attack whom?
Press: ? - help, Dir - move target cursor, f/p - worker ant
Aim: a worker ant (almost dead)
You hit the worker ant.
The worker ant is almost dead.
The worker ant bites you.
* * * LOW HITPOINT WARNING * * *
The worker ant closely misses you.
Attack whom?
Press: ? - help, Dir - move target cursor, f/p - worker ant
Aim: a worker ant (almost dead)
You completely miss the worker ant.
The worker ant is almost dead.
The worker ant bites you.
* * * LOW HITPOINT WARNING * * *
Attack whom?
Press: ? - help, Dir - move target cursor, f/p - worker ant
Aim: a worker ant (almost dead)
You hit the worker ant.
You kill the worker ant!
You see here an adder corpse.
Found an escape hatch in the floor.
Found a scroll labeled GUUZUHE JESKA.
Unknown command.
Found a bubbling yellow potion.
You see here a scroll labeled GUUZUHE JESKA.
l - a scroll labeled GUUZUHE JESKA You see here a bubbling yellow potion.
m - a bubbling yellow potion
Found 11 stones.
Unknown command.
Found a hunting sling.
You see here a hunting sling.
n - a hunting sling A giant cockroach comes into view.
Found 2 fizzy white potions.
Found a stone staircase leading down.
You see here 2 fizzy white potions.
o - 2 fizzy white potions
Found a leather armour.
Unknown command.
There is a stone staircase leading down here.
The phantom blinks!
You climb downwards.
Found a dagger.
There is a stone staircase leading up here.
Unknown command.
An iguana comes into view.
The iguana hisses angrily.
The iguana bites you but does no damage.
Attack whom?
Press: ? - help, Dir - move target cursor, f - iguana
Aim: an iguana You closely miss the iguana.
Your bite misses the iguana. The iguana misses you.
You are too injured to fight recklessly!
You are too injured to fight recklessly!
You are too injured to fight recklessly!
You are too injured to fight recklessly!
You closely miss the iguana. Your bite misses the iguana.
You hit the iguana but do no damage. The iguana bites you.
* * * LOW HITPOINT WARNING * * *
You barely miss the iguana. Your bite misses the iguana. The iguana bites you.
* * * LOW HITPOINT WARNING * * *
You hit the iguana. You bite the iguana, but do no damage.
The iguana is lightly wounded.
The iguana barely misses you.
You hit the iguana.
The iguana is lightly wounded.
The iguana closely misses you.
You barely miss the iguana.
The iguana is lightly wounded.
The iguana closely misses you.
You hit the iguana.
The iguana is moderately wounded.
The iguana bites you!
You die...

#### ##### #...##
....### ##.....
...... .......
... ......l####
#.# .......@.<#
###.##
#....##...)....#
.....####....
#...#.##.#
.###.........
...#.#.# .#
#.####...#####.##
# .# #.# # # .#
#.### .# #...#
.###.#.###.


You could see an iguana.

Vanquished Creatures
  Blork the orc (D:4)
  A jelly (D:5)
  2 worker ants (D:4)
  3 adders
  2 dart slugs
  A leopard gecko (D:4)
  5 orcs
  2 ball pythons
  A giant cockroach (D:4)
  2 goblins (D:2)
  A hobgoblin (D:1)
  2 bats
  A frilled lizard (D:1)
  2 rats (D:2)
26 creatures vanquished.

Notes
Turn   | Place    | Note
-------+----------+-------------------------------------------
     0 | D:1      | tidbits the Gnoll Wanderer began the quest for the Orb.
     0 | D:1      | tidbits set off with: a +2 spear, a scroll of teleportation, a +0 ring mail, a ration
     0 | D:1      | Reached XP level 1. HP: 23/23 MP: 2/2
   102 | D:2      | Noticed Terence
   123 | D:2      | Reached XP level 2. HP: 28/29 MP: 3/3
   294 | D:4      | Reached XP level 3. HP: 22/35 MP: 4/4
   306 | D:4      | Noticed Blork the orc
   335 | D:4      | Killed Blork the orc
   335 | D:4      | Reached skill level 1 in Short Blades
   335 | D:4      | Reached skill level 1 in Long Blades
   335 | D:4      | Reached skill level 1 in Axes
   335 | D:4      | Reached skill level 1 in Maces & Flails
   335 | D:4      | Reached skill level 1 in Staves
   335 | D:4      | Reached skill level 1 in Slings
   335 | D:4      | Reached skill level 1 in Crossbows
   335 | D:4      | Reached skill level 1 in Throwing
   335 | D:4      | Reached skill level 1 in Shields
   335 | D:4      | Reached skill level 1 in Unarmed Combat
   335 | D:4      | Reached skill level 1 in Spellcasting
   335 | D:4      | Reached skill level 1 in Conjurations
   335 | D:4      | Reached skill level 1 in Hexes
   335 | D:4      | Reached skill level 1 in Charms
   335 | D:4      | Reached skill level 1 in Summonings
   335 | D:4      | Reached skill level 1 in Necromancy
   335 | D:4      | Reached skill level 1 in Translocations
   335 | D:4      | Reached skill level 1 in Transmutations
   335 | D:4      | Reached skill level 1 in Fire Magic
   335 | D:4      | Reached skill level 1 in Ice Magic
   335 | D:4      | Reached skill level 1 in Air Magic
   335 | D:4      | Reached skill level 1 in Earth Magic
   335 | D:4      | Reached skill level 1 in Poison Magic
   335 | D:4      | Reached skill level 1 in Invocations
   335 | D:4      | Reached XP level 4. HP: 16/41 MP: 4/6
   356 | D:3      | HP: 4/41 [orc priest/divine providence (14)]
   366 | D:4      | HP: 4/41 [orc/hand axe (1)]
   370 | D:4      | Reached XP level 5. HP: 6/47 MP: 7/7
   439 | D:4      | Noticed a phantom
   482 | D:5      | Entered Level 5 of the Dungeon
   530 | D:5      | Reached skill level 3 in Polearms
   530 | D:5      | Reached skill level 3 in Bows
   530 | D:5      | Reached skill level 3 in Dodging
   530 | D:5      | Reached skill level 3 in Evocations
   606 | D:4      | HP: 3/47 [worker ant (6)]
   673 | D:5      | Slain by an iguana

Vault maps used:
D:1:      dpeg_arrival_solitude, st_stairs_8, tso_altar
D:2:      minitemple, chequers_ecumenical_altar_simple, first_ration,
          uniq_terence
D:3:      minivault_24, uniq_natasha
D:4:      temple_green, minmay_parallelograms, uniq_blork_the_orc, uniq_ijyb,
          uniq_crazy_yiuf_cottage, uniq_sigmund
D:6:      grunt_ministairs_7

Skill      XL: |  1  2  3  4  5 |
---------------+----------------+-----
Short Blades   | 1 |  1.6
Long Blades    | 1 |  1.6
Axes           | 1 |  1.6
Maces & Flails | 1 |  1.6
Staves         | 1 |  1.6
Slings         | 1 |  1.6
Crossbows      | 1 |  1.6
Throwing       | 1 |  1.6
Shields        | 1 |  1.6
Unarmed Combat | 1 |  1.6
Spellcasting   | 1 |  1.6
Conjurations   | 1 |  1.2
Hexes          | 1 |  1.2
Charms         | 1 |  1.2
Summonings     | 1 |  1.2
Necromancy     | 1 |  1.2
Translocations | 1 |  1.2
Transmutations | 1 |  1.2
Fire Magic     | 1 |  1.2
Ice Magic      | 1 |  1.2
Air Magic      | 1 |  1.2
Earth Magic    | 1 |  1.2
Poison Magic   | 1 |  1.2
Invocations    | 1 |  1.8
Polearms       | 3 |  3.0
Bows           | 3 |  3.0
Dodging        | 3 |  3.0
Evocations     | 3 |  3.0
Fighting       | |  6.7
Armour         | |  4.8
Stealth        | |  2.8

Action                   |  1- 3 |  4- 6 || total
-------------------------+-------+-------++-------
Melee: Spear             |    53 |    72 ||   125
       Bite              |     7 |    11 ||    18
  Use: Scroll            |     1 |       ||     1
       Potion            |     1 |     1 ||     2
 Stab: Sleeping          |       |     3 ||     3
Armor: Ring mail         |    12 |    22 ||    34
Dodge: Dodged            |    25 |    36 ||    61

Table legend:
 A = Spawn XP
 B = Non-spawn XP
 C = Spawn XP percentage of total XP
 D = Spawn monster count
 E = Non-spawn monster count
 F = Spawn count percentage of total count
 G = Total turns spent on level
                    A         B        C        D         E        F      G
               +---------+---------+-------+---------+---------+-------+---------
         Total |       0 |     289 |   0.0 |       0 |      26 |   0.0 |   673
               +---------+---------+-------+---------+---------+-------+---------
           D:1 |       0 |       7 |   0.0 |       0 |       3 |   0.0 |    93
           D:2 |       0 |      13 |   0.0 |       0 |       7 |   0.0 |   118
           D:3 |       0 |      15 |   0.0 |       0 |       2 |   0.0 |    88
           D:4 |       0 |     191 |   0.0 |       0 |       9 |   0.0 |   282
           D:5 |       0 |      63 |   0.0 |       0 |       5 |   0.0 |    83
               +---------+---------+-------+---------+---------+-------+---------

Table legend:
 A = Turns spent in this place as a percentage of turns spent in the entire game.
 B = Non-inter-level travel turns spent in this place as a percentage of non-inter-level travel turns spent in the entire game.
 C = Inter-level travel turns spent in this place as a percentage of turns spent in this place.
 D = Turns resting spent in this place as a percentage of non-inter-level travel turns spent in this place.
 E = Turns spent auto-exploring this place as a percentage of non-inter-level travel turns spent in this place.
 F = Non-inter-level travel turns spent in this place divided by the number of levels of this place that you've seen.
                   A       B       C       D       E      F
               +-------+-------+-------+-------+-------+----------------------
         Total | 100.0 | 100.0 |   0.0 |   0.0 |   0.0 | 112.2
       Dungeon | 100.0 | 100.0 |   0.0 |   0.0 |   0.0 | 112.2
               +-------+-------+-------+-------+-------+----------------------

Table legend:
 A = Kills in this place as a percentage of kills in entire the game.
 B = Kills by you in this place as a percentage of kills by you in the entire game.
 C = Kills by friends in this place as a percentage of kills by friends in the entire game.
 D = Other kills in this place as a percentage of other kills in the entire game.
 E = Experience gained in this place as a percentage of experience gained in the entire game.
 F = Experience gained in this place divided by the number of levels of this place that you have seen.
                   A       B       C       D       E      F
               +-------+-------+-------+-------+-------+----------------------
         Total | 100.0 | 100.0 |   N/A |   N/A | 100.0 |  48.2
       Dungeon | 100.0 | 100.0 |   N/A |   N/A | 100.0 |  48.2
               +-------+-------+-------+-------+-------+----------------------

Vault maps used:
D:1:      dpeg_arrival_solitude, st_stairs_8, tso_altar
D:2:      minitemple, chequers_ecumenical_altar_simple, first_ration,
          uniq_terence
D:3:      minivault_24, uniq_natasha
D:4:      temple_green, minmay_parallelograms, uniq_blork_the_orc, uniq_ijyb,
          uniq_crazy_yiuf_cottage, uniq_sigmund
D:6:      grunt_ministairs_7
